[Event "Titled Tuesday Blitz June 27 Late 2023"]
[White "Yanchenko, Roman"]
[Black "Perez, Maximiliano"]
[WhiteFideId "4137329"]
[BlackFideId "117234"]
[WhiteElo "2760"]
[BlackElo "2544"]
[Result "1-0"]
[Round "2"]
[TimeControl "180+2"]
[Date "2023.06.27"]
[WhiteClock "0:02:36"]
[BlackClock "0:02:21"]
[Board "57"]

1. d4 d5 2. Nf3 e6 3. c4 a6 4. Nc3 dxc4 5. a4 Nf6 6. Bg5 c5 7. e3 cxd4 8. exd4 Be7 9. Bxc4 O-O 10. O-O Nc6 11. Re1 Nb4 12. Qe2 Re8 13. Rad1 Bd7 14. Ne5 Bc6 15. Nxf7 Kxf7 16. Qxe6+ Kg6 17. Qf7+ Kxg5 18. Qxg7+ Kh4 19. Qg3+ Kh5 20. Re5+ 1-0


[Site "https://www.chess.com"]

[Event "Titled Tuesday Blitz June 27 Late 2023"]
[White "O`Gorman, Tom"]
[Black "Trost, Edvin"]
[WhiteFideId "2508249"]
[BlackFideId "1729519"]
[WhiteElo "2544"]
[BlackElo "2759"]
[Result "1-0"]
[Round "2"]
[TimeControl "180+2"]
[Date "2023.06.27"]
[WhiteClock "0:00:20"]
[BlackClock "0:00:00"]
[Board "58"]

1. e4 g6 2. d4 Bg7 3. Nc3 a6 4. f4 b5 5. Nf3 d6 6. Bd3 Nd7 7. e5 Bb7 8. Be4 Bxe4 9. Nxe4 Nh6 10. O-O O-O 11. c3 Qc8 12. Be3 Qb7 13. Qc2 Rac8 14. Rad1 Nb6 15. Bf2 Rfd8 16. Neg5 e6 17. h3 Nf5 18. g4 Ne7 19. Bh4 Nbd5 20. Qd2 Nb6 21. Rde1 c5 22. Ne4 cxd4 23. cxd4 Nc4 24. Qf2 Nd5 25. Bxd8 Rxd8 26. b3 Nxf4 27. Qg3 Nd3 28. bxc4 Nxe1 29. Rxe1 dxe5 30. dxe5 bxc4 31. Nf6+ Kh8 32. Ng5 h6 33. Nge4 Rd3 34. Qf2 Rxh3 35. Rd1 Rd3 36. Rxd3 Qb1+ 37. Qf1 Qb6+ 38. Kh1 cxd3 39. Qxd3 Bf8 40. Kg2 Qb2+ 41. Kf3 Qxe5 42. Qc3 Qxc3+ 43. Nxc3 1-0


[Site "https://www.chess.com"]

[Event "Titled Tuesday Blitz June 27 Late 2023"]
[White "Khripachenko, Alexander"]
[Black "JackRodgers"]
[WhiteFideId "54184975"]
[WhiteElo "2758"]
[BlackElo "2543"]
[Result "1-0"]
[Round "2"]
[TimeControl "180+2"]
[Date "2023.06.27"]
[WhiteClock "0:00:53"]
[BlackClock "0:00:15"]
[Board "59"]

1. e4 c5 2. Nf3 g6 3. c3 Bg7 4. d4 cxd4 5. cxd4 d5 6. e5 Bg4 7. Nbd2 Nc6 8. Bb5 Nh6 9. Bxc6+ bxc6 10. h3 Bxf3 11. Nxf3 O-O 12. O-O Qb6 13. b3 f6 14. Re1 Nf7 15. e6 Nd6 16. Ba3 Rad8 17. Qc2 Rfe8 18. Rac1 Nb5 19. Bc5 Qb7 20. a4 Nc7 21. Qd3 Rc8 22. Re2 a5 23. Ne1 Na6 24. Ba3 Nb4 25. Qd2 f5 26. Nf3 Ra8 27. Re3 Rec8 28. Ne5 Bxe5 29. Rxe5 Na6 30. Rc3 Nb4 31. Qg5 Rf8 32. h4 Rf6 33. h5 Kg7 34. hxg6 hxg6 35. Bc1 Rh8 36. Bf4 Na2 37. Rd3 Rh5 38. Qg3 Nb4 39. Rd2 Qc8 40. Rde2 Qh8 41. f3 Nd3 42. Qh2 Rxh2 43. Bxh2 Nxe5 44. Bxe5 Qb8 45. Bxb8 Kf8 46. Kf2 Ke8 47. Kg3 g5 48. f4 g4 49. Re1 Kd8 50. Be5 Rh6 51. Rc1 Rxe6 52. Rc5 Kc8 53. Rxa5 Kb7 54. Rc5 Rh6 55. b4 Rh1 56. b5 cxb5 57. Rxb5+ Kc6 58. Rc5+ Kb6 59. Rxd5 Ra1 60. Rd7 Rxa4 61. Rxe7 Ra3+ 62. Kh4 Ra2 63. Kg5 Rxg2 64. Kxf5 g3 65. Rg7 Rg1 66. d5 g2 67. Bd4+ 1-0


[Site "https://www.chess.com"]

[Event "Titled Tuesday Blitz June 27 Late 2023"]
[White "Manukyan, Artyom"]
[Black "Aradhya, Garg"]
[WhiteFideId "13305786"]
[BlackFideId "25006746"]
[WhiteElo "2542"]
[BlackElo "2757"]
[Result "1-0"]
[Round "2"]
[TimeControl "180+2"]
[Date "2023.06.27"]
[WhiteClock "0:00:14"]
[BlackClock "0:00:37"]
[Board "60"]

1. e4 e5 2. Nf3 Nc6 3. Bb5 a6 4. Bxc6 dxc6 5. O-O Bd6 6. d4 exd4 7. Qxd4 f6 8. Be3 Ne7 9. Nbd2 Be6 10. Rad1 Ng6 11. Nc4 Bxc4 12. Qxc4 Qd7 13. Qb3 O-O-O 14. c4 Qe6 15. Qc2 Rde8 16. c5 Bf4 17. Rd4 Bxe3 18. fxe3 Qxa2 19. Rc4 Ne5 20. Nxe5 Rxe5 21. Rd1 Qa5 22. b4 Qb5 23. Ra1 b6 24. cxb6 Qxb6 25. Rxc6 Qxe3+ 26. Kh1 Re7 27. Rcxa6 Re6 28. Rxe6 c5 29. Qxc5+ Qxc5 30. bxc5 Kd7 31. Rd6+ Kc7 32. Ra7+ Kb8 33. Rxg7 Re8 34. Rxf6 Rc8 35. h4 Rxc5 36. Rf8+ Rc8 37. Rxc8+ Kxc8 38. Rxh7 Kd8 39. Rg7 Ke8 40. h5 Kf8 41. h6 Ke8 42. h7 Kf8 43. h8=Q# 1-0


[Site "https://www.chess.com"]

[Event "Titled Tuesday Blitz June 27 Late 2023"]
[White "Khamzin, Olzhas"]
[Black "Fier, Alexandr"]
[WhiteFideId "13701690"]
[BlackFideId "2107139"]
[WhiteElo "2541"]
[BlackElo "2752"]
[Result "1-0"]
[Round "2"]
[TimeControl "180+2"]
[Date "2023.06.27"]
[WhiteClock "0:00:21"]
[BlackClock "0:01:24"]
[Board "61"]

1. e4 c5 2. Nc3 a6 3. f4 b5 4. d4 cxd4 5. Qxd4 e6 6. Nf3 Nc6 7. Qf2 Bb7 8. Be3 b4 9. Na4 Nf6 10. Bd3 Ng4 11. Qe2 Nxe3 12. Qxe3 Qa5 13. b3 Be7 14. h4 O-O 15. h5 h6 16. O-O-O f5 17. exf5 exf5 18. Bc4+ Kh7 19. Rd5 Qc7 20. Bd3 Bf6 21. Rxf5 Kh8 22. Rxf6 Rxf6 23. Qe4 Qxf4+ 24. Qxf4 Rxf4 25. Nh4 Rd4 26. Nc5 Bc8 27. Ng6+ Kg8 28. Rf1 Kh7 29. Nf8+ Kg8 30. Ng6 Kh7 31. Rf8 Bb7 32. Nxb7 Rxf8 33. Nxf8+ Kg8 34. Ng6 d5 35. Nc5 Rg4 36. Nxa6 Rxg2 37. Bb5 Nd4 38. Bd3 Nc6 39. Nc7 Rg5 40. Nf4 Ne7 41. Kb2 Kf7 42. Ncxd5 Nxd5 43. Bc4 Kf6 44. Nxd5+ Ke5 45. Nxb4 Rxh5 46. a4 Kd4 47. a5 Kc5 48. Nd3+ Kc6 49. b4 g5 50. b5+ Kb7 51. Bd5+ Kb8 52. b6 g4 53. c4 g3 54. Nf4 Rf5 55. Ng2 Rf6 56. Kc3 h5 57. Kb4 Rh6 58. Nh4 Rh7 59. Kb5 Rg7 60. a6 g2 61. Nxg2 h4 62. Nxh4 Rd7 63. Nf5 Rd8 64. Nd4 Kc8 65. a7 Kd7 66. a8=Q Rxa8 67. Bxa8 Kc8 68. Bd5 Kb8 69. Ka6 Kc8 70. Ka7 Kd8 71. b7 Kd7 72. b8=Q 1-0


[Site "https://www.chess.com"]

[Event "Titled Tuesday Blitz June 27 Late 2023"]
[White "Santos Ruiz, Miguel"]
[Black "Leenhouts, Koen"]
[WhiteFideId "22291482"]
[BlackFideId "1008439"]
[WhiteElo "2749"]
[BlackElo "2540"]
[Result "1-0"]
[Round "2"]
[TimeControl "180+2"]
[Date "2023.06.27"]
[WhiteClock "0:00:11"]
[BlackClock "0:00:02"]
[Board "62"]

1. e4 e6 2. d4 d5 3. Nd2 c5 4. Ngf3 cxd4 5. Nxd4 Nc6 6. Bb5 Bd7 7. Nxc6 bxc6 8. Bd3 Bd6 9. Qe2 e5 10. O-O Ne7 11. c4 O-O 12. cxd5 cxd5 13. exd5 Nxd5 14. Nc4 Bc7 15. Rd1 Qh4 16. Be4 Nf6 17. Bxa8 Rxa8 18. h3 Re8 19. Nd6 Bg4 20. hxg4 Nxg4 21. Bf4 Bb6 22. Rf1 Re6 23. Nf5 Qh5 24. Qc4 Bd8 25. Rad1 Re8 26. Qc6 Rf8 27. Qd6 exf4 28. Qxf8+ Kxf8 29. Rxd8# 1-0


[Site "https://www.chess.com"]

[Event "Titled Tuesday Blitz June 27 Late 2023"]
[White "Droin, Augustin"]
[Black "Matinian, Nikita"]
[WhiteFideId "45105987"]
[BlackFideId "24129100"]
[WhiteElo "2540"]
[BlackElo "2747"]
[Result "1-0"]
[Round "2"]
[TimeControl "180+2"]
[Date "2023.06.27"]
[WhiteClock "0:01:01"]
[BlackClock "0:01:23"]
[Board "63"]

1. e4 c5 2. Nf3 e6 3. d4 cxd4 4. Nxd4 Nc6 5. Nc3 Qc7 6. Be3 a6 7. a3 Nf6 8. f4 Nxd4 9. Bxd4 Qxf4 10. g3 Qc7 11. e5 Ng8 12. Ne4 Be7 13. Bg2 f5 14. Nd6+ Kf8 15. Qd2 Nh6 16. O-O-O Nf7 17. Nxf7 Kxf7 18. g4 Rf8 19. gxf5 Kg8 20. f6 gxf6 21. Rhg1 Kf7 22. exf6 Bxf6 23. Bxf6 Kxf6 24. Rdf1+ Ke7 25. Qg5+ Ke8 26. Rxf8+ Kxf8 27. Rf1+ Ke8 28. Qg8+ Ke7 29. Qf8# 1-0


[Site "https://www.chess.com"]

[Event "Titled Tuesday Blitz June 27 Late 2023"]
[White "Bryakin, Mikhail"]
[Black "Hajiyev, Kanan"]
[WhiteFideId "4165314"]
[BlackFideId "13404148"]
[WhiteElo "2747"]
[BlackElo "2539"]
[Result "1-0"]
[Round "2"]
[TimeControl "180+2"]
[Date "2023.06.27"]
[WhiteClock "0:02:27"]
[BlackClock "0:00:00"]
[Board "64"]

1. e4 c6 2. d4 d5 3. e5 a6 4. Nf3 Bg4 5. Be2 e6 6. O-O c5 7. c3 Nc6 8. Be3 Qb6 9. Qd2 Nh6 10. h3 Bh5 11. a3 c4 12. g4 Bg6 13. Qc1 Na5 14. Nbd2 Ng8 15. Nh4 Ne7 16. Nxg6 hxg6 17. Kg2 O-O-O 18. f4 Kb8 19. Qc2 Nec6 20. Rab1 Nb3 21. Nxb3 Qxb3 22. Qd2 Na5 23. f5 gxf5 24. gxf5 exf5 25. Rxf5 Qb6 26. Rbf1 Rd7 27. Bg4 Rc7 28. Rxf7 Rxf7 29. Rxf7 Nb3 30. Qf2 Qd8 31. e6 Be7 32. Rxg7 Ka8 33. Qf7 Re8 34. Bg5 1-0


[Site "https://www.chess.com"]

[Event "Titled Tuesday Blitz June 27 Late 2023"]
[White "Suder, Jakub"]
[Black "Tiglon, Bryce"]
[WhiteFideId "1195310"]
[BlackFideId "2087456"]
[WhiteElo "2536"]
[BlackElo "2742"]
[Result "0-1"]
[Round "2"]
[TimeControl "180+2"]
[Date "2023.06.27"]
[WhiteClock "0:00:56"]
[BlackClock "0:00:35"]
[Board "65"]

1. d4 g6 2. c4 Bg7 3. Nc3 d6 4. e4 b6 5. Nf3 Bb7 6. Be2 e6 7. O-O Nd7 8. Be3 h6 9. Qc2 Ne7 10. Rac1 g5 11. h3 Ng6 12. Rfd1 O-O 13. Qd2 f5 14. exf5 exf5 15. d5 f4 16. Bd4 Nde5 17. Bxe5 Nxe5 18. Nxe5 Bxe5 19. Bg4 Qe8 20. Be6+ Kg7 21. Re1 Bc8 22. Bxc8 Qxc8 23. f3 Qf5 24. Nb5 Rf7 25. Nd4 Qf6 26. Ne6+ Kh8 27. b4 Rg8 28. c5 bxc5 29. bxc5 h5 30. cxd6 cxd6 31. Rc7 Rxc7 32. Nxc7 Rc8 33. Ne6 Bc3 34. Qe2 Bxe1 35. Qxe1 Qb2 36. Qe4 Rc1+ 37. Kh2 Qa1 38. Nxf4 Rh1+ 39. Kg3 gxf4+ 40. Kh4 Qf6+ 41. Kxh5 Qe5+ 0-1


[Site "https://www.chess.com"]

[Event "Titled Tuesday Blitz June 27 Late 2023"]
[White "Mahdavi, Reza"]
[Black "Krishnan, Varun"]
[WhiteFideId "12595926"]
[BlackFideId "5054508"]
[WhiteElo "2738"]
[BlackElo "2534"]
[Result "1-0"]
[Round "2"]
[TimeControl "180+2"]
[Date "2023.06.27"]
[WhiteClock "0:01:00"]
[BlackClock "0:00:01"]
[Board "66"]

1. e4 g6 2. d4 Bg7 3. Nc3 a6 4. Be3 b5 5. Qd2 Bb7 6. f3 d6 7. O-O-O Nd7 8. h4 h5 9. Nh3 Nb6 10. Ng5 b4 11. Nb1 a5 12. d5 Nf6 13. Bb5+ Nfd7 14. Bd4 Kf8 15. g4 Ba6 16. Bc6 Rb8 17. Qf4 Bf6 18. Nd2 Ne5 19. Nb3 Nbc4 20. Kb1 a4 21. Nc1 a3 22. b3 Na5 23. Ba4 Nb7 24. Qe3 hxg4 25. f4 Nd7 26. e5 Bg7 27. e6 Ndc5 28. Nxf7 Qc8 29. Bxg7+ Kxg7 30. Qd4+ Kh7 31. h5 g5 32. fxg5 Rf8 33. g6+ Kg8 34. Qh8# 1-0


[Site "https://www.chess.com"]

[Event "Titled Tuesday Blitz June 27 Late 2023"]
[White "Chor, Kevin"]
[Black "Preotu, Razvan"]
[WhiteFideId "2090740"]
[BlackFideId "2613280"]
[WhiteElo "2532"]
[BlackElo "2736"]
[Result "0-1"]
[Round "2"]
[TimeControl "180+2"]
[Date "2023.06.27"]
[WhiteClock "0:00:00"]
[BlackClock "0:00:30"]
[Board "67"]

1. e4 c5 2. Nf3 d6 3. d4 cxd4 4. Nxd4 Nf6 5. Nc3 a6 6. Be2 e5 7. Nb3 Be7 8. Be3 Be6 9. Nd5 Nbd7 10. Qd3 Bxd5 11. exd5 Rc8 12. c4 O-O 13. O-O a5 14. Rac1 g6 15. Rfd1 b6 16. Nd2 Ne8 17. b3 Ng7 18. f3 f5 19. a3 f4 20. Bf2 Bh4 21. Ne4 Bxf2+ 22. Nxf2 Nf5 23. b4 axb4 24. axb4 Ne3 25. Rd2 b5 26. c5 dxc5 27. Qxb5 cxb4 28. Rb1 Rb8 29. Qc6 Rb6 30. Qa4 Nc5 31. Qa5 Nb7 32. Qa7 Nd6 33. Nd1 Nxd1 34. Rbxd1 Nb5 35. Bxb5 Rxb5 36. d6 Qb6+ 37. Qxb6 Rxb6 38. d7 Rd8 39. Re1 Rb5 40. Rc1 Kf7 41. Rc6 Ke7 42. Rc7 b3 43. Rc1 Rxd7 44. Rb2 Rd3 45. Kf2 Re3 46. Rc7+ Kd6 47. Rxh7 Rc3 48. Rh8 Rc2+ 49. Rxc2 bxc2 50. Rc8 Rc5 51. Rd8+ Ke7 0-1


[Site "https://www.chess.com"]

[Event "Titled Tuesday Blitz June 27 Late 2023"]
[White "Liu, Casper"]
[Black "Troff, Kayden"]
[WhiteFideId "1454153"]
[BlackFideId "2047896"]
[WhiteElo "2528"]
[BlackElo "2734"]
[Result "0-1"]
[Round "2"]
[TimeControl "180+2"]
[Date "2023.06.27"]
[WhiteClock "0:00:00"]
[BlackClock "0:00:11"]
[Board "68"]

1. d4 Nf6 2. Bf4 g6 3. Nd2 d5 4. e3 Bg7 5. Ngf3 O-O 6. Be2 c5 7. O-O Nc6 8. h3 Ne4 9. c3 Bf5 10. Nxe4 Bxe4 11. Qb3 Na5 12. Qa3 cxd4 13. exd4 Nc4 14. Qb3 Qd7 15. Rfe1 Rac8 16. Nd2 Nxd2 17. Bxd2 h5 18. Bf4 Rfe8 19. Bb5 Qf5 20. Bxe8 Qxf4 21. Bb5 e5 22. f3 Bxf3 23. Rf1 Qe3+ 24. Kh2 Be4 25. Rae1 Qg5 26. Rxe4 dxe4 27. Qxf7+ Kh7 28. Bd7 Rc7 29. Qe8 exd4 30. Be6 Re7 31. Qc8 Kh6 32. Kh1 e3 33. Bc4 e2 0-1


[Site "https://www.chess.com"]

[Event "Titled Tuesday Blitz June 27 Late 2023"]
[White "Daggupati, Balaji"]
[Black "Koc, Przemyslaw"]
[WhiteFideId "2090759"]
[BlackFideId "1109081"]
[WhiteElo "2734"]
[BlackElo "2506"]
[Result "1-0"]
[Round "2"]
[TimeControl "180+2"]
[Date "2023.06.27"]
[WhiteClock "0:00:19"]
[BlackClock "0:00:00"]
[Board "69"]

1. e4 e5 2. Nf3 Nf6 3. Nc3 d6 4. d4 Nbd7 5. Bc4 Be7 6. O-O c6 7. a4 b6 8. Bxf7+ Kxf7 9. Ng5+ Kg8 10. Ne6 Qe8 11. Nc7 Qd8 12. Ne6 Qe8 13. Nc7 Qd8 14. Nxa8 Ba6 15. dxe5 dxe5 16. Nxb6 axb6 17. Re1 h6 18. Qf3 Kh7 19. Qf5+ g6 20. Qe6 Rf8 21. Qxc6 Nc5 22. a5 bxa5 23. Be3 Bb7 24. Qb5 Qc7 25. Red1 Ncxe4 26. Bb6 Nxc3 27. bxc3 Qxc3 28. Bxa5 Qc6 29. Qxc6 Bxc6 30. Bb6 Nd5 31. Ra7 Rf7 32. Bc5 Kg7 33. Rxd5 Bxd5 34. Bxe7 e4 35. Rc7 g5 36. Kf1 Kg6 37. Ke2 Kf5 38. c4 Be6 39. c5 Ke5 40. Bd6+ Kd5 41. Rxf7 Bxf7 42. Be7 g4 43. Ke3 h5 44. Kf4 Be8 45. g3 Bf7 46. Kg5 Be8 47. Kf6 Bd7 48. Kg6 Be8+ 49. Kg7 Ke6 50. Bd6 Kd5 51. Bf8 Bd7 52. Kf7 Bc6 53. Kf6 Be8 54. Kg5 Kc6 55. Kf5 Kd5 56. Kf4 Bd7 57. Kg5 Be8 58. Kh4 Kd4 59. h3 gxh3 60. Kxh3 Kd3 61. Bh6 Ke2 62. Be3 Kf3 63. Kh4 Ke2 64. Kg5 Kd3 65. Kf6 Kc4 66. Ke7 Bb5 67. Kd6 Ba4 68. c6 Kb5 69. c7 1-0


[Site "https://www.chess.com"]

[Event "Titled Tuesday Blitz June 27 Late 2023"]
[White "Ghazarian, Kirk"]
[Black "Uzcategui Rodriguez, Alejandro"]
[WhiteFideId "30908604"]
[BlackFideId "3903400"]
[WhiteElo "2729"]
[BlackElo "2506"]
[Result "1-0"]
[Round "2"]
[TimeControl "180+2"]
[Date "2023.06.27"]
[WhiteClock "0:00:15"]
[BlackClock "0:00:20"]
[Board "70"]

1. e4 e6 2. b3 d5 3. Bb2 Nf6 4. e5 Nfd7 5. Nf3 c5 6. Qe2 Nc6 7. d3 Be7 8. Nbd2 O-O 9. g3 f6 10. exf6 Bxf6 11. c3 e5 12. Bg2 Nb6 13. O-O Bg4 14. Rae1 Qd7 15. Qd1 Rae8 16. Qc2 Bf5 17. Ba3 c4 18. bxc4 dxc4 19. Bxf8 Bxd3 20. Qc1 Rxf8 21. Ne4 Bxf1 22. Bxf1 Qf5 23. Nfd2 Bg5 24. Nxg5 Qxg5 25. Nxc4 Qf5 26. Qd2 Nxc4 27. Bxc4+ Kh8 28. Qe2 a6 29. Bd3 Qf6 30. Be4 g6 31. Bxc6 Qxc6 32. Qxe5+ Kg8 33. Qd4 Qf6 34. Re5 Rf7 35. a4 Kg7 36. a5 h5 37. h4 Kh7 38. Rd5 Qe6 39. Rd8 Rg7 40. Kg2 Qf5 41. Rd5 Qe6 42. Re5 Qc6+ 43. Kg1 Rf7 44. Rd5 Qe6 45. Rd8 Rg7 46. Qe3 Qf6 47. Rd4 Re7 48. Qd3 Re1+ 49. Kg2 Re7 50. Rf4 Qc6+ 51. Qf3 Qe6 52. Qd3 Rd7 53. Qf3 Re7 54. Rd4 Rf7 55. Qd3 Qf6 56. Rf4 Qc6+ 57. Kg1 Rxf4 58. gxf4 Kh6 59. Qd4 Kh7 60. Qe5 Qd7 61. Kg2 Qg4+ 62. Kf1 Qd1+ 63. Qe1 Qd3+ 64. Kg1 Qf5 65. Qe7+ Kh6 66. Qg5+ Kg7 67. Qxf5 gxf5 68. Kg2 Kf6 69. Kf3 Ke6 70. Ke3 Kd5 71. Kd3 Kc5 72. c4 b6 73. axb6 Kxb6 74. Kd4 a5 75. Kd5 a4 76. Kd6 a3 77. c5+ Ka7 78. c6 a2 79. c7 a1=Q 80. c8=Q Qd4+ 81. Ke7 Qxf4 82. Qd7+ Kb6 83. Qd6+ Qxd6+ 84. Kxd6 f4 85. Ke5 Kc5 86. Kxf4 Kd5 87. Kg5 Ke4 88. Kxh5 Kf3 89. Kg6 Kxf2 90. h5 Kg3 91. h6 Kf3 92. h7 Kg3 93. h8=Q Kf3 94. Qf6+ Kg3 95. Qf5 1-0


[Site "https://www.chess.com"]

[Event "Titled Tuesday Blitz June 27 Late 2023"]
[White "Czerw, Dawid"]
[Black "Wieczorek, Oskar"]
[WhiteFideId "1145746"]
[BlackFideId "1133950"]
[WhiteElo "2499"]
[BlackElo "2724"]
[Result "1/2-1/2"]
[Round "2"]
[TimeControl "180+2"]
[Date "2023.06.27"]
[WhiteClock "0:00:12"]
[BlackClock "0:00:02"]
[Board "71"]

1. e4 c5 2. Nf3 e6 3. d4 cxd4 4. Nxd4 Nf6 5. Nc3 d6 6. Be3 a6 7. a4 Be7 8. h3 Nc6 9. g3 O-O 10. Bg2 Bd7 11. O-O Ne5 12. b3 Rc8 13. Nce2 Qc7 14. f4 Nc6 15. c4 Rfe8 16. g4 Nxd4 17. Nxd4 e5 18. Ne2 Bc6 19. Nc3 exf4 20. Bxf4 Nd7 21. Kh1 Ne5 22. Ra2 Bf8 23. Raf2 Qa5 24. Ne2 Rc7 25. Nd4 g6 26. Bd2 Qc5 27. Bc3 Bg7 28. Bb2 b5 29. cxb5 axb5 30. Rc2 Qb6 31. axb5 Bxb5 32. Nxb5 Rxc2 33. Qxc2 Qxb5 34. Rd1 Qb6 35. Bd4 Qb7 36. Bg1 Bf8 37. Qc3 Rb8 38. Rb1 Qb4 39. Qxb4 Rxb4 40. Bf2 Be7 41. Be1 Rb8 42. b4 Nd7 43. Rc1 Bd8 44. Rc6 Rb6 45. Rc8 Rb8 46. Rxb8 Nxb8 47. Bf1 Bb6 48. Bb5 Kf8 49. Bg3 Ke7 50. e5 dxe5 51. Bxe5 Nd7 52. Bxd7 Kxd7 53. Bf4 Ke6 54. Kg2 Kd5 55. Kf3 Kc4 56. Bd6 Kd5 57. Bf8 Bc7 58. h4 Bb6 59. h5 Bc7 60. hxg6 hxg6 1/2-1/2


[Site "https://www.chess.com"]

[Event "Titled Tuesday Blitz June 27 Late 2023"]
[White "Koutsin, Sergey"]
[Black "Lorparizangeneh, Shahin"]
[WhiteFideId "14101483"]
[BlackFideId "12521604"]
[WhiteElo "2498"]
[BlackElo "2720"]
[Result "0-1"]
[Round "2"]
[TimeControl "180+2"]
[Date "2023.06.27"]
[WhiteClock "0:01:15"]
[BlackClock "0:01:01"]
[Board "72"]

1. d4 d5 2. c4 c6 3. cxd5 cxd5 4. Nf3 Nf6 5. Nc3 Nc6 6. Bf4 e6 7. e3 Nh5 8. Be5 Be7 9. Bd3 O-O 10. Rc1 Bd7 11. h3 Nxe5 12. Nxe5 Nf6 13. O-O Be8 14. Qb3 Rb8 15. Bb5 Bd6 16. Bxe8 Nxe8 17. Nb5 Bxe5 18. dxe5 a6 19. Nd4 Qd7 20. Qb6 Rc8 21. Rc5 Rxc5 22. Qxc5 f6 23. exf6 Nxf6 24. Rc1 Ne4 25. Qc7 Qxc7 26. Rxc7 Rxf2 27. Nxe6 Rxb2 28. Rxg7+ Kh8 29. Rd7 h5 30. a4 b5 31. axb5 Rxb5 32. h4 Nf6 33. Nd4 Nxd7 0-1


[Site "https://www.chess.com"]

[Event "Titled Tuesday Blitz June 27 Late 2023"]
[White "Laurent-Paoli, Pierre"]
[Black "Flynn, Jacob"]
[WhiteFideId "26017962"]
[BlackFideId "2509393"]
[WhiteElo "2720"]
[BlackElo "2485"]
[Result "1-0"]
[Round "2"]
[TimeControl "180+2"]
[Date "2023.06.27"]
[WhiteClock "0:01:25"]
[BlackClock "0:00:45"]
[Board "73"]

1. e4 e5 2. Nf3 Nc6 3. d4 exd4 4. Bc4 Nf6 5. e5 d5 6. Bb5 Ne4 7. Nxd4 Bd7 8. Bxc6 bxc6 9. O-O Bc5 10. f3 Ng5 11. f4 Ne4 12. Be3 Bb6 13. Nd2 Nxd2 14. Qxd2 c5 15. Nf3 d4 16. Bf2 Bc6 17. b3 Bxf3 18. gxf3 O-O 19. Rae1 Qd7 20. Qd3 g6 21. Bh4 c6 22. f5 Qxf5 23. Qxf5 gxf5 24. Bf6 Bd8 25. Kf2 Bxf6 26. exf6 Rfe8 27. Rg1+ Kf8 28. Rxe8+ Rxe8 29. Rg7 Re6 30. Rxh7 Rxf6 31. Rh8+ Kg7 32. Rc8 Rh6 33. Kg3 Rd6 34. h4 Kf6 35. Kf4 d3 36. cxd3 Rd4+ 37. Ke3 Rxh4 38. Rxc6+ Ke7 39. Rxc5 Rh2 40. Ra5 1-0


[Site "https://www.chess.com"]

[Event "Titled Tuesday Blitz June 27 Late 2023"]
[White "Luong Phuong Hanh"]
[Black "Rathanvel, V S"]
[WhiteFideId "12401013"]
[BlackFideId "25002112"]
[WhiteElo "2453"]
[BlackElo "2717"]
[Result "0-1"]
[Round "2"]
[TimeControl "180+2"]
[Date "2023.06.27"]
[WhiteClock "0:00:00"]
[BlackClock "0:01:09"]
[Board "74"]

1. d4 e6 2. Nf3 Nf6 3. e3 d5 4. Bd3 Bd6 5. O-O O-O 6. b3 Ne4 7. Bb2 Nd7 8. Nbd2 f5 9. Ne5 Qf6 10. f4 Qh6 11. c4 c6 12. Nxe4 fxe4 13. Be2 g5 14. g3 gxf4 15. Rxf4 Nxe5 16. dxe5 Bc5 17. Bd4 Rxf4 18. exf4 Qf8 19. Kg2 Bd7 20. Qg1 Bxd4 21. Qxd4 c5 22. Qe3 d4 23. Qc1 Bc6 24. Kg1 Kh8 25. Bf1 e3 26. Qc2 Rd8 27. Qd3 Qf5 28. Qxf5 exf5 29. Bd3 Be4 30. Rd1 Kg7 31. Kf1 Bf3 32. Re1 Kf7 33. Rc1 Ke6 34. Ke1 h5 35. Rc2 h4 36. gxh4 Rg8 37. Kf1 Be4 0-1


[Site "https://www.chess.com"]

[Event "Titled Tuesday Blitz June 27 Late 2023"]
[White "Barp, Alberto"]
[Black "Karthik, Advaith"]
[WhiteFideId "872555"]
[BlackFideId "30946050"]
[WhiteElo "2714"]
[BlackElo "2438"]
[Result "1-0"]
[Round "2"]
[TimeControl "180+2"]
[Date "2023.06.27"]
[WhiteClock "0:00:10"]
[BlackClock "0:00:14"]
[Board "75"]

1. d4 Nf6 2. Nf3 e6 3. Bf4 c5 4. e3 Nc6 5. Nbd2 d5 6. c3 Bd6 7. Bg3 Bxg3 8. hxg3 Qd6 9. Bb5 Bd7 10. O-O O-O 11. Bxc6 Bxc6 12. Ne5 Bb5 13. Re1 Nd7 14. Qb3 Nxe5 15. Qxb5 Nd7 16. Qd3 e5 17. e4 cxd4 18. cxd4 dxe4 19. Nxe4 Qxd4 20. Qb5 Nb6 21. Rad1 Qc4 22. Qxe5 Rae8 23. Qf5 Qe6 24. Qxe6 Rxe6 25. Nc5 Rc6 26. b4 g6 27. Re7 Rb8 28. Nd7 Rc7 29. Nf6+ Kg7 30. Nh5+ gxh5 31. Rxc7 Kf6 32. Rd4 h6 33. Rf4+ Ke6 34. Rfxf7 Nd5 35. Rxb7 Rc8 36. Rh7 Nf6 37. Rxh6 Kf5 38. Rb5+ Ke6 39. Ra5 Kf7 40. Rxa7+ Kg8 41. Rxf6 1-0


[Site "https://www.chess.com"]

[Event "Titled Tuesday Blitz June 27 Late 2023"]
[White "Mujumdar, Sameer"]
[Black "Makridis, Dimitrios"]
[WhiteFideId "2029707"]
[BlackFideId "25864475"]
[WhiteElo "2419"]
[BlackElo "2713"]
[Result "0-1"]
[Round "2"]
[TimeControl "180+2"]
[Date "2023.06.27"]
[WhiteClock "0:00:03"]
[BlackClock "0:00:05"]
[Board "76"]

1. d4 Nf6 2. Nf3 e6 3. Bf4 Bd6 4. e3 Bxf4 5. exf4 O-O 6. Bd3 c5 7. dxc5 Qc7 8. g3 Qxc5 9. O-O b6 10. Nbd2 Bb7 11. Qe2 Nc6 12. c3 d5 13. Rfe1 Rad8 14. Ne5 h6 15. Nb3 Qe7 16. Nxc6 Bxc6 17. f5 Ne4 18. Nd4 Bb7 19. f3 e5 20. Nb3 Nc5 21. Nxc5 Qxc5+ 22. Qf2 Qd6 23. Rad1 Rfe8 24. Bc2 Qf6 25. Qe3 e4 26. fxe4 dxe4 27. Ba4 Re5 28. g4 Qe7 29. h3 h5 30. Rxd8+ Qxd8 31. Rd1 Qh4 32. Rd7 Bc8 33. Rc7 Ba6 34. Rxa7 Bd3 35. Ra8+ Kh7 36. Be8 hxg4 37. Bxf7 Rxf5 38. Bg8+ Kg6 39. Be6 Rf1+ 40. Kg2 gxh3+ 41. Bxh3 Re1 42. Qxb6+ Qf6 43. Qxf6+ Kxf6 44. Rb8 Re2+ 45. Kg3 Rd2 46. Kf4 g5+ 47. Ke3 Rh2 48. Bg4 Rg2 49. Bh5 Ke5 50. Rb5+ Bxb5 51. Bg6 Rg3+ 52. Kd2 Rf3 53. Kc2 Bd3+ 54. Kb3 e3 0-1


[Site "https://www.chess.com"]

[Event "Titled Tuesday Blitz June 27 Late 2023"]
[White "Pesotskiy, Mikhail"]
[Black "Darini, Pouria"]
[WhiteFideId "34164453"]
[BlackFideId "12502200"]
[WhiteElo "2402"]
[BlackElo "2712"]
[Result "0-1"]
[Round "2"]
[TimeControl "180+2"]
[Date "2023.06.27"]
[WhiteClock "0:00:04"]
[BlackClock "0:01:31"]
[Board "77"]

1. d4 Nf6 2. c4 g6 3. Nc3 d5 4. Bg5 Bg7 5. Bxf6 Bxf6 6. cxd5 c5 7. dxc5 Nd7 8. Nf3 Nxc5 9. e3 O-O 10. Be2 Qb6 11. Qd2 Bf5 12. O-O Ne4 13. Nxe4 Bxe4 14. Bd3 Bxd5 15. e4 Bc6 16. e5 Bg7 17. Qe2 Rad8 18. Be4 Bb5 19. Qe3 Qxe3 20. fxe3 Bxf1 21. Kxf1 b6 22. Ke2 Rc8 23. Rd1 Rfd8 24. Rd4 e6 25. Kd2 Bf8 26. Bb7 Rb8 27. Bc6 Bc5 28. Rxd8+ Rxd8+ 29. Ke2 Bf8 30. Nd4 Bg7 31. Nf3 Rc8 32. Be4 Rc5 33. b4 Rc4 0-1


[Site "https://www.chess.com"]

[Event "Titled Tuesday Blitz June 27 Late 2023"]
[White "Perez Rodriguez, Jennifer"]
[Black "Goltsev, Dmitry"]
[WhiteFideId "3507831"]
[BlackFideId "24176710"]
[WhiteElo "2395"]
[BlackElo "2702"]
[Result "0-1"]
[Round "2"]
[TimeControl "180+2"]
[Date "2023.06.27"]
[WhiteClock "0:01:40"]
[BlackClock "0:02:40"]
[Board "78"]

1. e4 e6 2. d4 d5 3. Bd3 c5 4. exd5 exd5 5. Nf3 Nf6 6. O-O Nc6 7. Re1+ Be7 8. dxc5 O-O 9. Be3 Bg4 10. c3 Ne4 11. Bxe4 dxe4 12. Qxd8 Raxd8 13. Nd4 Ne5 14. b4 Nd3 15. Rf1 Bf6 16. Nb5 Be2 17. Nd6 Bxf1 18. Kxf1 Nxb4 19. Nxe4 Nc2 20. Nxf6+ gxf6 21. Na3 Nxa1 22. Bd4 Rfe8 23. h3 Re6 24. g4 Ra6 25. Nc4 Rxa2 0-1


[Site "https://www.chess.com"]